 Dungeon Crawl Stone Soup version 0.21-a0-171-g0f4a3b6 (webtiles) character file.

4 Goblin1989 the Sneak (level 1, -2/10 HPs)
             Began as a Spriggan Assassin on Aug 7, 2017.
             Slain by a worm (3 damage)
             ... on level 2 of the Dungeon.
             The game lasted 00:02:00 (286 turns).

Goblin1989 the Sneak (Spriggan Assassin)             Turns: 286, Time: 00:02:01

Health: -2/10      AC:  3    Str:  7    XL:     1   Next: 50%
Magic:  2/2        EV: 17    Int: 12    God:
Gold:   52         SH:  0    Dex: 17    Spells: 0/0 levels left

rFire    . . .     SeeInvis +   D - +2 dagger (venom)
rCold    . . .     Gourm    .   (shield restricted)
rNeg     . . .     Faith    .   c - +0 robe
rPois    .         Spirit   .   (helmet restricted)
rElec    .         Reflect  .   d - +0 cloak
rCorr    .         Harm     .   (gloves unavailable)
MR       .....                  (boots unavailable)
Stlth    +++.......             (no amulet)
HPRegen  0.03/turn              (no ring)
MPRegen  0.08/turn              (no ring)

@: very quick
A: unfitting armour, see invisible, herbivore 3, speed 3, slow metabolism 2
a: no special abilities


You were on level 2 of the Dungeon.
You were not hungry.

You visited 1 branch of the dungeon, and saw 2 of its levels.

You collected 52 gold pieces.

Inventory:

Hand Weapons
 a - a +2 dagger
 w - a +0 blowgun {@w1}
 x - a +0 dagger
 C - a +0 spear
 D - a +2 dagger of venom (weapon)
Missiles
 f - 2 curare-tipped needles
 g - 8 poisoned needles
 B - 23 stones (quivered)
Armour
 c - a +0 robe (worn)
 d - a +0 cloak (worn)
 y - a +0 robe
Jewellery
 z - an uncursed ring of see invisible {unknown}
Scrolls
 A - 2 scrolls of identify {unknown}
Comestibles
 e - 3 bread rations {@e1}


   Skills:
 - Level 1.5 Fighting
 - Level 2.1 Short Blades
 - Level 2.0 Throwing
 - Level 1.5 Dodging
 + Level 6.2 Stealth


You couldn't memorise any spells.
You didn't know any spells.

Dungeon Overview and Level Annotations

Branches:
Dungeon (2/15)

Altars:

Annotations:
D:2 exclusion: Terence, Terence


Innate Abilities, Weirdness & Mutations

You are very small and have problems with some larger weapons.
You are too small for most types of armour.
You have supernaturally acute eyesight. (SInv)
You are a herbivore.
You cover ground extremely quickly.
You need consume almost no food.


Message History

x - a dagger You see here a robe.
y - a robe A dart slug comes into view.
You see here 11 gold pieces.
You now have 11 gold pieces.
The dart slug launches a dart at you. The slug dart misses you.
You see here 2 gold pieces.
You now have 13 gold pieces (gained 2).
You see here a brass ring.
z - a brass ring The dart slug misses you.
Found a stone staircase leading down.
You see here a scroll labeled VEARIR LEILLUO.
A - a scroll labeled VEARIR LEILLUO The dart slug barely misses you.
A goblin comes into view.
The goblin shouts!
You see here 23 stones.
B - 23 stones The dart slug launches a dart at you.
The slug dart misses you.
You see here a scroll labeled VEARIR LEILLUO.
Unknown command.
A - 2 scrolls labeled VEARIR LEILLUO (gained 1)
The dart slug bites you.
You take 1 damage, and have 9/10 hp.
The goblin hits you.
You take 1 damage, and have 8/10 hp.
There is a stone staircase leading down here.
The dart slug launches a dart at you. The slug dart misses you.
You climb downwards.
A frilled lizard comes into view.
Found a stone staircase leading down.
There is a stone staircase leading up here.
A worm comes into view.
You see here 7 gold pieces.
You now have 20 gold pieces (gained 7).
Health restored: 10 The worm closely misses you.
You see here a bread ration {@e1}.
e - 3 bread rations {@e1} (gained 1)
You see here a spear.
C - a spear A ball python and a goblin come into view.
The goblin is wielding a dagger of venom.
A giant cockroach comes into view.
The helpless goblin fails to defend itself.
You impale the goblin!!
You kill the goblin!
Your Stealth skill increases to level 6!
Things that are here:
a dagger of venom; a goblin corpse
D - a dagger of venom The ball python hisses angrily.
The ball python moves out of view.
A rat comes into view.
You open the door.
There is an open door here.
Marking area around Terence as unsafe for travelling.
Terence the Incautious comes into view.
He is wielding a hand axe.
Wield which item (- for none, * to show all)? (? for menu, Esc to quit)
Your +2 dagger of venom begins to drip with poison!
D - a +2 dagger of venom (weapon)
You barely miss the ball python. The ball python completely misses you.
The ball python misses you.
You closely miss the ball python. The ball python bites you.
The ball python grabs you. The ball python constricts you.
You take 1 damage, and have 9/10 hp.
You hit the ball python.
You kill the ball python!
You hit the giant cockroach.
The giant cockroach is poisoned.
The giant cockroach is heavily wounded.
You kill the giant cockroach!
You see here a giant cockroach corpse.
There is an open door here.
You see here 14 gold pieces.
You now have 34 gold pieces (gained 14). 2 giant cockroaches come into view.
You see here 14 gold pieces.
You now have 48 gold pieces (gained 14).
The giant cockroach moves out of view.
Health restored: 10 You see here 4 gold pieces.
You now have 52 gold pieces (gained 4).
A worm comes into view.
You barely miss the worm. The worm bites you!
Ouch! That really hurt!
* * * LOW HITPOINT WARNING * * *
You take 9 damage, and have 1/10 hp.
MASSIVE DAMAGE!!
You barely miss the worm. You barely miss the worm. The worm barely misses you.
You barely miss the worm. You hit the worm.
The worm is poisoned.
The worm is lightly wounded.
The giant cockroach misses you. The worm bites you.
You die...

....∆....█ .█ █....██
....███████ @█ █.....█
...†....... .█ █.█.███
....█████████████████.█.█
......................█.█
███████████████████████.█
.........s.s...s.█ █.█
.███████████████s█ █.█ .█
█@█ █.█


s██ █w█ █.█ ..█ █.█ █.█ █.█ ..█ █.█ █s█ ███ █.█ █.█ █.█ █.. █.█ ██. █.█ .█ █.█
You could see a worm and 2 giant cockroaches.

Vanquished Creatures
  A ball python (D:2)
  A giant cockroach (D:2)
  A goblin (D:2)
3 creatures vanquished.

Notes
Turn   | Place    | Note
-------+----------+-------------------------------------------
     0 | D:1      | Goblin1989 the Spriggan Assassin began the quest for the Orb.
     0 | D:1      | Reached XP level 1. HP: 10/10 MP: 2/2
   211 | D:2      | Reached skill level 6 in Stealth
   227 | D:2      | Noticed Terence
   286 | D:2      | Slain by a worm

Vault maps used:
D:1:      dpeg_arrival_line_fractal
D:2:      minmay_roachtagon, first_bread, uniq_terence

Skill      XL: |  1 |
---------------+----+-----
Stealth        | 6 |  6.2
Fighting       | |  1.5
Short Blades   | |  2.1
Throwing       | |  2.0
Dodging        | |  1.5

Action                   || total
-------------------------++-------
Melee: Dagger            ||    10
 Stab: Sleeping          ||     1
Dodge: Dodged            ||    10

Vault maps used:
D:1:      dpeg_arrival_line_fractal
D:2:      minmay_roachtagon, first_bread, uniq_terence
